 Dungeon Crawl Stone Soup version 0.31-a0-986-g5e6e4ef867 (webtiles) character file.

Game seed: 9136684048449207832

50 croobank the Sneak (level 3, -3/26 HPs)
             Began as an Octopode Delver on Nov 14, 2023.
             Slain by a worm (11 damage)
             ... on level 4 of the Dungeon.
             The game lasted 00:01:28 (416 turns).

croobank the Sneak (Octopode Delver)                 Turns: 416, Time: 00:01:29

Health: -3/26      AC:  1    Str: 11    XL:     3   Next: 79%
Magic:  3/3        EV: 13    Int: 14    God:
Gold:   25         SH:  0    Dex: 13    Spells: 2/2 levels left

rFire   . . .        a - +0 short sword
rCold   . . .        (no shield)
rNeg    . . .        (helmet restricted)
rPois   .            (no amulet)
rElec   .            (no ring)
rCorr   .            (no ring)
SInv    .            (no ring)
Will    .....        (no ring)
Stlth   ++++         (no ring)
HPRegen 0.24/turn    (no ring)
MPRegen 0.08/turn    (no ring)
                     (no ring)

%: no passive effects
@: no status effects
A: almost no armour, amphibious, 8 rings, camouflage 1, gelatinous body 1,
(nimble swimmer 1), tentacles
a: no special abilities


You were on level 4 of the Dungeon.
You visited 1 branch of the dungeon, and saw 3 of its levels.

You collected 25 gold pieces.

Inventory:

Hand Weapons
 a - a +0 short sword (weapon)
Wands
 f - a wand of digging (3)
Scrolls
 b - a scroll of fog
 c - a scroll of revelation
 d - a scroll of fear
 j - a scroll of enchant weapon {unknown}
Potions
 e - a potion of haste
 g - a potion of attraction {unknown}
 h - a potion of heal wounds {unknown}
 i - a potion of curing {unknown}


   Skills:
 + Level 3.4 Fighting
 + Level 2.6 Short Blades
 + Level 2.5 Dodging
 + Level 7.1 Stealth


You had 2 spell levels left.
You didn't know any spells.
Your spell library contained the following spells:

 Spells                   Type           Power      Damage    Failure   Level
 Ozocubu's Armour         Ice            0%         N/A       65%         3
 Ozocubu's Refrigeration  Ice            0%         4d7       100%        7


Dungeon Overview and Level Annotations

Branches:
Dungeon (6/15)
 Temple: D:4-7

Altars:
Dithmenos
Elyvilon
Zin


Innate Abilities, Weirdness & Mutations

You cannot wear most types of armour.
You are amphibious.
You can wear up to eight rings at the same time.
Your skin changes colour to match your surroundings (Stealth+).
Your rubbery body absorbs attacks. (AC +1, EV +1)
((You are camouflaged when in or above water. (Stealth+)))
You have tentacles for arms and can constrict up to eight enemies at once.


Message History

You hit the endoplasm but do no damage. The endoplasm freezes you.
You are frozen.
You hit the endoplasm.
The endoplasm is heavily wounded.
A worm comes into view.
Found a shadowy altar of Dithmenos.
The endoplasm misses you.
Found a scroll labelled PASTRA XAITEUS.
The endoplasm misses you.
You hit the endoplasm but do no damage.
You squeeze the endoplasm, but do no damage.
The endoplasm is heavily wounded.
The endoplasm hits you.
You barely miss the endoplasm.
The endoplasm is heavily wounded.
The endoplasm closely misses you. The giant cockroach barely misses you.
You hit the endoplasm but do no damage.
The endoplasm is heavily wounded.
The giant cockroach bites you but does no damage.
The endoplasm freezes you.
You are frozen.
You hit the endoplasm.
You kill the endoplasm!
The giant cockroach closely misses you.
You barely miss the giant cockroach. You grab the giant cockroach.
You constrict the giant cockroach, but do no damage.
The giant cockroach misses you.
You hit the giant cockroach. You squeeze the giant cockroach.
You kill the giant cockroach!
Found an escape hatch in the floor.
The worm bites you!
* * * LOW HITPOINT WARNING * * *
You are too injured to fight recklessly!
You are too injured to fight recklessly!
You hit the worm. You grab the worm.
The worm is lightly wounded.
You constrict the worm. You hit the worm. You squeeze the worm!
The worm is almost dead.
You constrict the worm, but do no damage.
The worm bites you!
You die...

#.###### #
#......###########
###.####............
#....###..##########
#####.#.......#
#.......#.###.#
..............# +
>.....w...#...# #.
.......@..#...# . .
..............# ..#
...........#### ..
..##......... .# .
#......##..# #
#.....##....# #
###...#._...# #
....##.?..# # #


You could see a worm.

Vanquished Creatures
  A jelly (D:6)
  An adder (D:5)
  A white imp (D:6)
  An orc (D:5)
  An endoplasm (D:4)
  2 giant cockroaches (D:4)
7 creatures vanquished.

Notes
Turn   | Place    | Note
-------+----------+-------------------------------------------
     0 | D:5      | croobank the Octopode Delver began the quest for the Orb.
     0 | D:5      | Reached XP level 1. HP: 16/16 MP: 1/1
     4 | D:6      | Noticed a jelly
    10 | D:6      | Killed a jelly
    11 | D:6      | Reached XP level 2. HP: 21/21 MP: 2/2
    11 | D:6      | Reached XP level 3. HP: 26/26 MP: 3/3
   125 | D:6      | Reached skill level 7 in Stealth
   168 | D:4      | Found a glowing silver altar of Zin.
   178 | D:4      | Noticed an orc warrior
   297 | D:4      | Found a white marble altar of Elyvilon.
   406 | D:4      | Found a shadowy altar of Dithmenos.
   416 | D:4      | Slain by a worm

Illustrated notes

Levels and vault maps discovered:
D:4:      layout_basic, nicolae_dithmenos_through_a_glass_darkly,
          mainiacjoe_overflow_tiny_flanked, amcnicky_altar_gilded, minivault_24
D:5:      layout_cave_pools, kiku_gazebo_pond_becter,
          mainiacjoe_overflow_boulevard, marbit_many_paths, uniq_pikel
D:6:      layout_loops_ring, nicolae_tso_swordbearing_angel,
          minmay_temple_entry_poolview, supply_closet_lemuel

Skill      XL: |  1  2  3 |
---------------+----------+-----
Stealth        | 7 |  7.1
Fighting       | |  3.4
Short Blades   | |  2.6
Dodging        | |  2.5

Action                     || total
---------------------------++-------
  Melee: Short sword       ||    22
         Tentacles         ||     6
         Constrict         ||     3
   Stab: Sleeping          ||     3
 Armour: Skin              ||     6
  Dodge: Dodged            ||    18

Table legend: (Time is in decaauts)
 A = Elapsed time spent in this place.
 B = Non-inter-level travel time spent in this place.
 C = Inter-level travel time spent in this place.
 D = Time resting spent in this place.
 E = Time spent auto-exploring this place.
 F = Levels seen in this place.
 G = Mean time per level.
                   A        B        C        D        E       F      G
               +--------+--------+--------+--------+--------+-----+--------+
         Total |    413 |    411 |      2 |    119 |    126 |   3 |  137.7 |
       Dungeon |    413 |    411 |      2 |    119 |    126 |   3 |  137.7 |
               +--------+--------+--------+--------+--------+-----+--------+

Top non-repeatable levels by time:
     D:4: 241 daAuts
     D:6: 136 daAuts
     D:5: 34 daAuts
